 Dungeon Crawl Stone Soup version 0.30-a0-219-gf2db51d15e (webtiles) character file.

Game seed: 2204438647609610925

79 NinjaNoafa the Vexing (level 4, 0/24 HPs)
             Began as a Kobold Enchanter on Oct 7, 2022.
             Killed from afar by Natasha (10 damage)
             ... with a magic dart
             ... on level 2 of the Dungeon.
             The game lasted 00:02:02 (1409 turns).

NinjaNoafa the Vexing (Kobold Enchanter)            Turns: 1409, Time: 00:02:03

Health: 0/24       AC:  2    Str:  5    XL:     4   Next: 62%
Magic:  7/7        EV: 15    Int: 18    God:
Gold:   27         SH:  5    Dex: 15    Spells: 7/7 levels left

rFire   . . .      SeeInvis .    a - +1 dagger
rCold   . . .      Faith    .    (no shield)
rNeg    . . .      Spirit   .    b - +0 robe
rPois   .          Reflect  +    (no helmet)
rElec   .          Harm     .    (no cloak)
rCorr   .          Rampage  .    (no gloves)
Will    .....                    (no boots)
Stlth   ++++......               h - amulet of reflection
HPRegen 0.24/turn                (no ring)
MPRegen 0.10/turn                (no ring)

@: no status effects
A: small, no large weapons, nightstalker 3
a: no special abilities


You were on level 2 of the Dungeon.
You visited 1 branch of the dungeon, and saw 2 of its levels.

You collected 27 gold pieces.

Inventory:

Hand Weapons
 a - a +1 dagger (weapon)
Missiles
 m - 8 stones (quivered)
Armour
 b - a +0 robe (worn)
Jewellery
 h - an amulet of reflection (around neck)
 j - an amulet of guardian spirit
Scrolls
 e - a scroll of noise {unknown}
 f - 2 scrolls of blinking {unknown}
 g - a scroll of identify {unknown}
 l - 3 scrolls of magic mapping {unknown}
 n - a scroll of silence {unknown}
Potions
 c - a potion of invisibility
 d - 3 potions of magic {unknown}
 i - a potion of berserk rage {unknown}
 k - a potion of curing {unknown}


   Skills:
 - Level 1.3 Short Blades
 - Level 2.4 Dodging
 - Level 4.0 Stealth
 - Level 2.1 Spellcasting
 + Level 5.0 Hexes


You had 7 spell levels left.
You didn't know any spells.
Your spell library contained the following spells:

 Spells                   Type           Power      Damage    Failure   Level
 Confusing Touch          Hex            20%        N/A       7%          3
 Tukima's Dance           Hex            20%        N/A       7%          3
 Ensorcelled Hibernation  Hex/Ice        22%        N/A       10%         2
 Dazzling Flash           Conj/Hex       22%        N/A       19%         3


Dungeon Overview and Level Annotations

Branches:
Dungeon (2/15)

Altars:

Annotations:
D:2 Natasha


Innate Abilities, Weirdness & Mutations

You are small and have problems with some larger weapons.
You are completely attuned to the shadows.


Message History

The worm is almost dead.
You hit the worm but do no damage.
The worm is almost dead.
The worm bites you but does no damage.
You hit the worm.
You kill the worm!
You open the door.
There is an open door here.
There is an open door here.
Natasha, Servant of Life and Death comes into view.
Natasha is nearby!
Natasha is nearby!
Natasha is nearby!
Natasha hisses angrily.
You hit Natasha but do no damage. Natasha misses you.
You closely miss Natasha. Natasha completely misses you.
You hit Natasha.
Natasha is lightly wounded.
Natasha claws you!
You hit Natasha.
Natasha is moderately wounded.
Natasha misses you.
You barely miss Natasha.
Natasha is moderately wounded.
Natasha stares at you and mumbles some strange words.
The magic dart hits you!
You barely miss Natasha.
Natasha is moderately wounded.
Natasha misses you.
You hit Natasha but do no damage.
Natasha is moderately wounded.
You hit Natasha.
Natasha is moderately wounded.
Natasha barely misses you.
You barely miss Natasha.
Natasha is moderately wounded.
Natasha extends her claws.
Natasha casts a spell at you. The magic dart hits you!
You die...

##+#...............
####.).........#.##.######
......########.#.........#
......'....# #.#.#...###.#
......####.# #.#.......#.#
####'###.#.# #.....###.#.#
#.....#.# ###.....#.#.#
###...#.## #.#.#.#.#.#
#.#<@..####.###.#.#.#
#..h...#....#.....#.#
#..[..##.####.#...#.#
#####....'....# #.###.#..
.........##...# #.# #.###
#######'####..# #.# #.#
.....# #..###.###.# .....#
#......>.#.### ######
#......#......


You could see Natasha.

Vanquished Creatures
  Jessica (D:2)
  Natasha (D:2)
  A worm (D:2)
  5 ball pythons
  2 bats (D:1)
  2 endoplasms (D:1)
  2 giant cockroaches (D:1)
  A goblin (D:1)
  3 hobgoblins (D:1)
  A quokka (D:1)
  3 frilled lizards (D:1)
  2 kobolds (D:1)
  4 rats
28 creatures vanquished.

Notes
Turn   | Place    | Note
-------+----------+-------------------------------------------
     0 | D:1      | NinjaNoafa the Kobold Enchanter began the quest for the
                  | Orb.
     0 | D:1      | Reached XP level 1. HP: 10/10 MP: 3/3
   180 | D:1      | Reached XP level 2. HP: 15/15 MP: 5/5
   569 | D:1      | Found a faded altar of an unknown god.
   651 | D:1      | Reached skill level 4 in Hexes
   651 | D:1      | Reached XP level 3. HP: 15/19 MP: 6/6
  1113 | D:2      | Noticed Jessica
  1138 | D:2      | Killed Jessica
  1139 | D:2      | Reached XP level 4. HP: 24/24 MP: 7/7
  1259 | D:2      | Noticed Natasha
  1263 | D:2      | Killed Natasha
  1264 | D:2      | Reached skill level 5 in Hexes
  1399 | D:2      | Noticed Natasha
  1409 | D:2      | Killed from afar by Natasha

Illustrated notes

Levels and vault maps discovered:
D:1:      lightli_arrival_flooded_house, layout_loops_corners,
          ebering_ecumenical_altar_abandoned, st_stairs_5,
          wad_floor_pattern_untrapped
D:2:      layout_basic, basic_altar, minmay_box_of_dots, uniq_natasha,
          uniq_jessica

Skill      XL: |  1  2  3  4 |
---------------+-------------+-----
Hexes          | 4 5 |  5.0
Short Blades   | |  1.3
Dodging        | |  2.4
Stealth        | |  4.0
Spellcasting   | |  2.1

Action                   |  1- 3 |  4- 6 || total
-------------------------+-------+-------++-------
Melee: Dagger            |    53 |    27 ||    80
  Use: Potion            |     1 |       ||     1
 Stab: Sleeping          |    11 |     3 ||    14
       Invisible         |     3 |       ||     3
Armor: Robe              |     6 |     1 ||     7
Dodge: Dodged            |    41 |     9 ||    50
Block: Other             |    15 |     1 ||    16

Table legend: (Time is in decaauts)
 A = Elapsed time spent in this place.
 B = Non-inter-level travel time spent in this place.
 C = Inter-level travel time spent in this place.
 D = Time resting spent in this place.
 E = Time spent auto-exploring this place.
 F = Levels seen in this place.
 G = Mean time per level.
                   A        B        C        D        E       F      G
               +--------+--------+--------+--------+--------+-----+--------+
         Total |   1405 |   1371 |     34 |      0 |   1121 |   2 |  702.5 |
       Dungeon |   1405 |   1371 |     34 |      0 |   1121 |   2 |  702.5 |
               +--------+--------+--------+--------+--------+-----+--------+

Top non-repeatable levels by time:
     D:1: 1133 daAuts
     D:2: 272 daAuts
